Map: Catalyst LE

Players

eGGz

  • Race: Zerg Zerg
  • League: Master
  • Spawn Location: 11:00

Semper - Winner!

  • Race: Terran Terran
  • League: Master
  • Spawn Location: 5:00

VOD

Have the link to the VOD?

Description

Time

  • Played on: Feb. 3, 2018, 4:46 p.m.
  • Length: 7:05
Show
View Real Time Build Order
Export as new Build Order

eGGz Zerg 

Build Orders: Pool First 

Get SALT Encoding   

  12  0:02  Drone  
  13  0:13  Overlord  
  13  0:20  Drone  
  14  0:32  Drone  
  14  0:33  Drone  
  16  0:41  Drone  
  17  0:45  Spawning Pool  
  16  0:51  Drone  
  16  0:53  Extractor  
  16  1:01  Drone  
  17  1:17  Hatchery  
  16  1:20  Drone  
  16  1:24  Drone  
  18  1:32  Zergling x2  
  19  1:39  Queen  
  21  1:51  Roach Warren  
  20  1:56  Drone  
  20  1:58  Drone  
  22  2:07  Overlord  
  22  2:32  Roach x2  
  22  2:34  Roach  
  27  2:39  Roach  
  27  2:41  Drone  
  30  2:47  Drone, Queen  
  33  2:54  Overlord  
  33  2:55  Drone  
  33  2:56  Drone  
  35  3:14  Ravager x2  
  35  3:18  Drone x3, Ravager  
  35  3:19  Overlord  
  41  3:23  Drone  
  41  3:24  Drone  
  43  3:38  Hatchery  
  42  3:44  Ravager  
  42  3:46  Drone  
  42  3:47  Drone x2  
  46  3:49  Drone  
  47  3:59  Overlord  
  47  4:01  Drone x3  
  47  4:15  Overlord  
  48  4:17  Drone x3  
  48  4:20  Extractor  
  48  4:23  Drone  
  50  4:27  Drone x2  
  52  4:32  Overlord  
  52  4:33  Drone, Queen  
  55  4:40  Drone, Lair  
  55  4:41  Drone x4  
  60  4:50  Extractor  
  60  4:52  Queen  
  61  4:53  Evolution Chamber x2  
  61  4:55  Overlord  
  61  4:58  Overlord  
  59  5:01  Roach  
  59  5:04  Roach  
  59  5:07  Drone  
  64  5:17  Drone x2  
  66  5:21  Drone x3  
  66  5:22  Drone x3  
  72  5:29  Spore Crawler  
  72  5:33  Overlord  
  71  5:37  Spore Crawler  
  71  5:39  Spore Crawler  
  71  5:40  Drone x2  
  71  5:44  Roach  
  71  5:45  Overlord  
  73  5:50  Overlord  
  73  5:52  Drone x3  
  73  5:55  Drone x2  
  78  5:58  Overlord  
  78  6:00  Overlord  
  78  6:02  Extractor  
  78  6:03  Overseer  
  76  6:06  Drone x2  
  76  6:10  Drone x3  
  75  6:15  Overlord  
  75  6:16  Drone  
  69  6:20  Drone x2  
  56  6:27  Overlord  
  51  6:34  Roach x2  
  54  6:42  Roach, Drone  
  54  6:43  Drone  
Show
View Real Time Build Order
Export as new Build Order

Semper Terran - Winner!

Build Orders: Cyclone Opening, Reaper Expand 

Get SALT Encoding   

  12  0:00  SCV  
  13  0:12  SCV  
  14  0:17  Supply Depot  
  14  0:24  SCV  
  15  0:39  SCV  
  15  0:40  Barracks  
  16  0:44  Refinery  
  16  0:51  SCV  
  17  1:03  SCV  
  18  1:15  SCV  
  19  1:27  Orbital Command  
  19  1:28  Reaper  
  20  1:41  Command Center  
  20  1:52  Supply Depot  
  20  1:53  SCV  
  21  2:00  Marine  
  22  2:05  SCV  
  23  2:10  Factory  
  23  2:21  Barracks Reactor  
  23  2:23  SCV  
  23  2:27  Refinery  
  24  2:37  SCV  
  24  2:49  Bunker  
  24  2:50  SCV  
  25  2:55  Cyclone, Bunker  
  25  2:57  Orbital Command  
  28  3:01  Marine  
  29  3:06  Marine  
  29  3:09  SCV  
  31  3:17  Starport  
  31  3:24  Marine x2  
  33  3:27  SCV  
  33  3:34  Cyclone  
  37  3:37  SCV  
  38  3:43  Marine  
  38  3:44  SCV  
  40  3:59  SCV  
  40  4:02  Starport Tech Lab, Marine x2  
  43  4:07  Supply Depot  
  38  4:11  SCV  
  38  4:14  SCV  
  40  4:23  SCV  
  40  4:24  Cloaking Field, Banshee  
  40  4:26  SCV  
  44  4:35  SCV  
  45  4:39  SCV, Barracks Tech Lab  
  45  4:41  Supply Depot  
  45  4:45  Hellion x2  
  50  4:47  SCV  
  50  4:51  SCV  
  52  4:59  SCV  
  53  5:03  SCV  
  54  5:07  Banshee  
  54  5:08  Supply Depot, Marine  
  54  5:09  Supply Depot  
  54  5:12  Hellion  
  60  5:14  Hellion  
  62  5:23  Supply Depot  
  62  5:29  SCV x2  
  62  5:34  Marine  
  65  5:42  SCV x2  
  67  5:45  Command Center  
  67  5:54  SCV x2  
  69  5:58  Barracks  
  69  5:59  Barracks  
  69  6:00  Starport Reactor  
  69  6:04  Engineering Bay  
  69  6:06  SCV x2  
  71  6:12  Marine  
  71  6:18  SCV  
  73  6:20  Siege Tank  
  73  6:22  SCV  
  77  6:29  Marine  
  77  6:30  SCV  
  71  6:34  SCV  
  71  6:35  Refinery  
  71  6:37  Refinery  
  71  6:39  Engineering Bay, Barracks  
  72  6:40  Barracks  
  72  6:42  SCV  
  73  6:47  SCV  
Tags
 
Add a new tag
Caveats
  • Supply blocks, unpowered buildings, or Contaminate may cause inaccurate times.
  • Supply counts are checked every 10 seconds.